 Dungeon Crawl Stone Soup version 0.28.0-53-g5a82cb258f (webtiles) character file.

Game seed: 208082362180473123

12476 Orthodox the Fighter (level 11, 0/96 HPs)
             Began as a Demonspawn Berserker on June 28, 2022.
             Was a High Priest of Trog.
             Slain by a ten-headed hydra (7 damage)
             ... on level 12 of the Dungeon.
             The game lasted 00:51:55 (13907 turns).

Orthodox the Fighter (Demonspawn Berserker)        Turns: 13907, Time: 00:51:55

Health: 0/96       AC: 20    Str: 17    XL:     11   Next: 62%
Magic:  11/11      EV: 19    Int:  9    God:    Trog [*****.]
Gold:   817        SH:  0    Dex: 24    Spells: 10/10 levels left

rFire   . . .      SeeInvis .   C - +7 scythe (vamp)
rCold   . . .      Faith    .   (shield currently unavailable)
rNeg    . . .      Spirit   .   R - +1 leather armour of Discretion {rElec Dex+7}
rPois   .          Reflect  .   F - +1 helmet
rElec   +          Harm     .   f - +1 cloak
rCorr   .          Rampage  .   c - +0 pair of gloves
Will    .....                   (no boots)
Stlth   ++........              G - amulet of regeneration
HPRegen 1.06/turn               E - +4 ring of protection
MPRegen 0.12/turn               H - +4 ring of evasion

@: sanguine armoured
A: ignite blood 2, powered by death 1, sanguine armour 1, demonic touch 2
a: Renounce Religion, Berserk, Trog's Hand, Brothers in Arms


You were on level 12 of the Dungeon.
You worshipped Trog.
Trog was extremely pleased with you.
You visited 1 branch of the dungeon, and saw 12 of its levels.
You also visited: Sewer.

You collected 817 gold pieces.

Inventory:

Hand Weapons
 a - a +0 hand axe
 B - a +1 mace of draining
 C - a +7 vampiric scythe (weapon)
 T - a +0 antimagic battleaxe
Armour
 c - a +0 pair of gloves (worn)
 f - a +1 cloak (worn)
 p - a +0 ring mail
 F - a +1 helmet (worn)
 I - the +0 robe "Otyumius" {rElec Will+}
   (You found it on level 6 of the Dungeon)

   rElec:     It insulates you from electricity.
   Will:      It increases your willpower.
 R - the +1 leather armour of Discretion (worn) {rElec Dex+7}
   (You found it on level 10 of the Dungeon)

   Dex:       It affects your dexterity (+7).
   rElec:     It insulates you from electricity.
 X - a +3 leather armour of cold resistance
Jewellery
 y - an amulet of the acrobat
 E - a +4 ring of protection (left hand)
 G - an amulet of regeneration (around neck)
 H - a +4 ring of evasion (right hand)
 J - a ring of poison resistance
 P - a ring of resist corrosion
 Q - a ring of protection from fire
Wands
 b - a wand of iceblast (14)
 h - a wand of acid (8)
 v - a wand of digging (6)
 M - a wand of flame (5)
Scrolls
 d - a scroll of immolation
 i - 5 scrolls of fog
 j - 3 scrolls of enchant armour
 m - 5 scrolls of teleportation
 o - 2 scrolls of noise
 s - 3 scrolls of holy word
 t - a scroll of brand weapon {unknown}
 D - 2 scrolls of enchant weapon
 K - a scroll of vulnerability {unknown}
 N - a scroll of magic mapping {unknown}
 O - a scroll of amnesia {unknown}
 U - a scroll of silence {unknown}
 V - a scroll of fear {unknown}
Potions
 e - 4 potions of lignification
 g - 2 potions of flight {unknown}
 k - a potion of brilliance {unknown}
 l - a potion of mutation {unknown}
 n - a potion of ambrosia {unknown}
 q - a potion of magic {unknown}
 r - 2 potions of berserk rage {unknown}
 u - 4 potions of attraction
 w - 2 potions of heal wounds {unknown}
 x - a potion of resistance {unknown}
 z - 3 potions of might {unknown}
 A - 6 potions of curing {@q1}
 L - 4 potions of haste {unknown}
 S - 3 potions of degeneration {unknown}


   Skills:
 * Level 12.6 Fighting
 * Level 11.6 Axes
 - Level 5.0 Armour
 - Level 5.0 Dodging


You had 10 spell levels left.
You didn't know any spells.
Your spell library was empty.

Dungeon Overview and Level Annotations

Branches:
Dungeon (12/15)            Temple (0/1) D:7            Lair (0/6) D:10
    Orc (0/2) D:10          Sewer (visited)

Altars:
Cheibriados
Hepliaklqana
Makhleb
Okawaru
Qazlal
Ru
Wu Jian
Xom

Shops:
D:4 **   D:6 =   D:12 :

Annotations:
D:10 Psyche
D:12 1 runed translucent door, ZappyNine's ghost, journeyman MiFi


Innate Abilities, Weirdness & Mutations

Your demonic aura often causes spilled blood to erupt in flames.
You regenerate a little health from kills.
When seriously injured, your blood forms armour. (AC +6)
Your touch may inflict irresistible damage on your foes.


Message History

Your blood congeals into armour.
The nine-headed hydra bites you but does no damage.
The nine-headed hydra misses you.
The nine-headed hydra bites you but does no damage.
The nine-headed hydra misses you.
The nine-headed hydra closely misses you.
The nine-headed hydra bites you.
The nine-headed hydra bites you but does no damage.
The nine-headed hydra misses you.
The nine-headed hydra bites you but does no damage.
You take 38 damage, and have 58/96 hp.
MASSIVE DAMAGE!!
You hack one of the nine-headed hydra's heads off!
The eight-headed hydra grows two more!
You slash the ten-headed hydra!
You feel better.
The ten-headed hydra is almost dead.
Your blood armour dries and flakes away.
The ten-headed hydra misses you.
The ten-headed hydra completely misses you. x2
The ten-headed hydra bites you but does no damage. x2
The ten-headed hydra bites you!
Your blood congeals into armour.
The ten-headed hydra bites you. The ten-headed hydra bites you!
The ten-headed hydra bites you but does no damage.
The ten-headed hydra barely misses you.
You take 16 damage, and have 42/96 hp.
You barely miss the ten-headed hydra.
The ten-headed hydra is almost dead.
The ten-headed hydra is no longer covered in acid.
The ten-headed hydra closely misses you.
The ten-headed hydra bites you but does no damage.
The ten-headed hydra bites you! The ten-headed hydra bites you.
The ten-headed hydra closely misses you.
The ten-headed hydra bites you but does no damage. x4
The ten-headed hydra misses you. The ten-headed hydra bites you.
* * * LOW HITPOINT WARNING * * *
The ten-headed hydra bites you!
* * * LOW HITPOINT WARNING * * *
The ten-headed hydra bites you!
* * * LOW HITPOINT WARNING * * *
The ten-headed hydra barely misses you. The ten-headed hydra bites you!
You die...

#########.#.#§§§####
##..##.# ............#
#..[#.### ............#
#...#.... ....(.......#
###(#.... ............#
#...... ............##
###.... .............#####
#.... ...........(....☼#####
#....
............####@....###
#####
............#..D..##<..#
#####...>..........###......
#................# ######
#....[...........#
#................#
#......(.........#
#................#
#..........:.....#


You could see a ten-headed hydra.

Vanquished Creatures
  Fannar (D:11)
  A two-headed ogre (D:11)
  Erica (D:11)
  A deep elf pyromancer (D:7)
  A komodo dragon (D:11)
  Grinder (D:5)
  Sigmund (D:5)
  2 shadows
  A wraith (D:12)
  18 yaks
  6 vampire mosquitoes
  3 acid dragons
  2 water moccasins
  A sky beast (D:7)
  5 orc warriors
  2 black bears
  2 necrophages
  2 ogres (D:5)
  6 centaurs
  A kobold brigand (D:6)
  2 bullfrogs (D:7)
  2 wyvern zombies
  A wyvern skeleton (D:7)
  A water moccasin skeleton (D:6)
  12 killer bees
  3 wights (D:8)
  5 electric eels
  A crimson imp (D:8)
  A bullfrog zombie (D:7)
  4 centaur zombies
  3 jellies
  13 orc priests
  Crazy Yiuf (D:5)
  2 gnoll shamans (D:8)
  2 hounds
  An iguana (D:7)
  9 orc wizards
  Ijyb (D:3)
  A killer bee zombie (D:8)
  A mummy (D:11)
  2 howler monkey skeletons
  4 howler monkey zombies
  8 gnolls (D:8)
  12 adders
  A river rat (Sewer)
  A shadow imp (D:6)
  2 white imps
  An ufetubus (D:6)
  5 worms
  3 dart slugs
  52 orcs
  8 bats
  6 endoplasms
  3 giant cockroaches
  9 hobgoblins
  16 jackals
  12 kobolds
  6 quokkas
  8 ball pythons
  6 frilled lizards
  4 goblins
  11 rats
304 creatures vanquished.

Vanquished Creatures (others)
  A howler monkey (D:10)
  4 fungi (D:5)
  11 plants (D:6)
  A withered plant (D:11)
17 creatures vanquished.

Grand Total: 321 creatures vanquished

Notes
Turn   | Place    | Note
-------+----------+-------------------------------------------
     0 | D:1      | Orthodox the Demonspawn Berserker began the quest for the
                  | Orb.
     0 | D:1      | Reached XP level 1. HP: 18/18 MP: 1/1
   159 | D:1      | Gained mutation: Your demonic aura sometimes causes spilled
                  | blood to erupt in flames. [demonic ancestry]
   159 | D:1      | Reached XP level 2. HP: 24/24 MP: 2/2
   543 | D:1      | Reached ** piety under Trog
   544 | D:1      | Gained mutation: Your touch may inflict minor irresistible
                  | damage on your foes. [demonic ancestry]
   544 | D:1      | Reached XP level 3. HP: 29/29 MP: 3/3
  1647 | D:2      | Found a faded altar of an unknown god.
  1658 | D:2      | Gained mutation: Your demonic aura often causes spilled
                  | blood to erupt in flames. [demonic ancestry]
  1658 | D:2      | Reached XP level 4. HP: 22/37 MP: 4/4
  2742 | D:3      | Reached skill level 4 in Fighting
  2807 | D:3      | Reached *** piety under Trog
  3328 | D:4      | Gained mutation: Your touch may inflict irresistible damage
                  | on your foes. [demonic ancestry]
  3328 | D:4      | Reached XP level 5. HP: 33/42 MP: 5/5
  3341 | D:4      | Found a glowing drain.
  3378 | Sewer    | Entered a sewer
  4100 | D:4      | Found Ceno's Mass Market.
  4100 | D:4      | Found a sacrificial altar of Ru.
  4100 | D:4      | Noticed a yak
  4120 | D:4      | Killed a yak
  4121 | D:4      | Reached XP level 6. HP: 50/50 MP: 6/6
  4175 | D:4      | Noticed a yak
  4177 | D:4      | Noticed a yak
  4206 | D:4      | Noticed a yak
  4238 | D:4      | Noticed Ijyb
  4247 | D:3      | Reached skill level 5 in Fighting
  4290 | D:3      | Killed Ijyb
  4404 | D:4      | Noticed a yak
  4404 | D:4      | Noticed a yak
  4406 | D:4      | Noticed a yak
  4422 | D:3      | Killed a yak
  4423 | D:3      | Gained mutation: You regenerate a little health from kills.
                  | [demonic ancestry]
  4423 | D:3      | Reached XP level 7. HP: 41/56 MP: 7/7
  4512 | D:3      | Killed a yak
  4512 | D:3      | Killed a yak
  4513 | D:3      | Reached skill level 6 in Fighting
  4513 | D:3      | Reached skill level 5 in Axes
  4695 | D:4      | Found Numom's Lightly-Used Armoury.
  4867 | D:4      | Found an iron altar of Okawaru.
  4908 | D:4      | Found a snail-covered altar of Cheibriados.
  5084 | D:4      | Killed a yak
  5085 | D:4      | Reached XP level 8. HP: 64/64 MP: 8/8
  5187 | D:5      | Entered Level 5 of the Dungeon
  5858 | D:5      | Found a runed translucent door.
  5859 | D:5      | Noticed Crazy Yiuf
  5867 | D:5      | Killed Crazy Yiuf
  6761 | D:5      | Reached skill level 7 in Fighting
  6900 | D:5      | Noticed Grinder
  6910 | D:5      | Killed Grinder
  6975 | D:5      | Noticed Sigmund
  6993 | D:5      | Killed Sigmund
  6994 | D:5      | Gained mutation: When seriously injured, your blood forms
                  | armour. (AC +6) [demonic ancestry]
  6994 | D:5      | Reached XP level 9. HP: 72/72 MP: 9/9
  7001 | D:5      | Found a hazy altar of Hepliaklqana.
  7402 | D:6      | Found a burning altar of Makhleb.
  7560 | D:6      | Reached skill level 5 in Armour
  7560 | D:6      | Reached skill level 5 in Dodging
  7567 | D:6      | Reached skill level 8 in Fighting
  7951 | D:6      | Identified the +0 robe "Otyumius" {rElec Will+}
  7995 | D:6      | Found Osyontos's Jewellery Emporium.
  8839 | D:7      | Noticed a deep elf pyromancer
  8843 | D:7      | Reached **** piety under Trog
  8854 | D:7      | Killed a deep elf pyromancer
  8855 | D:7      | Reached skill level 9 in Fighting
  8860 | D:7      | Reached XP level 10. HP: 41/83 MP: 10/10
  9322 | D:7      | Found a shimmering altar of Xom.
  9322 | D:7      | Found an ornate altar of the Wu Jian Council.
  9483 | D:7      | Found a staircase to the Ecumenical Temple.
  9982 | D:8      | Reached skill level 10 in Fighting
 10235 | D:8      | Found a stormy altar of Qazlal.
 11354 | D:9      | Reached skill level 10 in Axes
 11355 | D:9      | Reached skill level 11 in Fighting
 11607 | D:10     | Entered Level 10 of the Dungeon
 11759 | D:10     | Reached ***** piety under Trog
 11795 | D:10     | Reached XP level 11. HP: 89/93 MP: 11/11
 11829 | D:10     | Identified the +1 leather armour of Discretion {rElec
                  | Dex+7}
 11943 | D:10     | Found a staircase to the Lair.
 12018 | D:10     | Noticed Psyche
 12083 | D:10     | Found a staircase to the Orcish Mines.
 12543 | D:11     | Received a gift from Trog
 12638 | D:11     | Reached skill level 12 in Fighting
 12957 | D:11     | Noticed Fannar
 12969 | D:11     | Noticed Erica
 12972 | D:11     | Killed Erica
 12996 | D:11     | Noticed a two-headed ogre
 13001 | D:11     | Killed a two-headed ogre
 13167 | D:11     | Killed Fannar
 13644 | D:12     | Found Fetol's Book Boutique.
 13647 | D:12     | Noticed an eight-headed hydra
 13651 | D:12     | Found a runed translucent door.
 13880 | D:12     | Noticed a tengu reaver
 13880 | D:12     | Noticed ZappyNine's ghost (journeyman MiFi)
 13907 | D:12     | Slain by a ten-headed hydra

Illustrated notes

Levels and vault maps discovered:
D:1:      minmay_arrival_stone_box, layout_loops_ring
D:2:      layout_loops_cross, hellmonk_ecumenical_altar_inner_sanctum,
          minmay_hexomino_f4
D:3:      layout_loops_ring
D:4:      layout_basic, lemuel_crystal_altar,
          mainiacjoe_overflow_catch_the_wave, cheibrodos_sewer_entry_sluice,
          wad_floor_pattern_untrapped, minmay_shop_mass, minmay_shop_damaged,
          uniq_ijyb
D:5:      layout_basic, mainiacjoe_overflow_brackets, uniq_grinder,
          uniq_sigmund, uniq_crazy_yiuf_cottage
D:6:      layout_loops_corners, old_standard_altar, serial_bayou,
          serial_bayou_crossing, serial_bayou_lake_a, serial_bayou_shore_a,
          serial_bayou_pond_b, minmay_shop_enchanted_jewellery
D:7:      layout_gridville, mainiacjoe_overflow_divided_tiny,
          minmay_temple_entry_hall, minmay_chambers_of_fives
D:8:      layout_basic, nicolae_overflow_crystal_walls, supply_closet_lemuel,
          minmay_fire_ice_demons
D:9:      layout_irregular_city
D:10:     layout_big_octagon, lair_entry_dummy, hiddenorc2_lemuel, uniq_psyche
D:11:     layout_roguey, serial_undead, serial_undead_e, serial_undead_f,
          serial_undead_f, serial_undead_f, minmay_starry_boxes, uniq_erica,
          uniq_fannar
D:12:     layout_rooms, ebering_ghost_inner_flame, serial_shops, shop_coins

Skill      XL: |  1  2  3  4  5  6  7  8  9 10 11 |
---------------+----------------------------------+-----
Armour         | 2 3 4 5 |  5.0
Dodging        | 2 3 4 5 |  5.0
Axes           | 3 4 5 6 8 10 11 | 11.6
Fighting       | 4 5 6 7 9 11 12 | 12.6

Action                   |  1- 3 |  4- 6 |  7- 9 | 10-12 || total
-------------------------+-------+-------+-------+-------++-------
Melee: Hand axe          |   127 |   162 |   118 |       ||   407
       Punch             |     1 |     5 |     2 |       ||     8
       Touch             |    12 |    31 |    28 |       ||    71
       Scythe            |       |       |   113 |   342 ||   455
       Unarmed           |       |       |       |    13 ||    13
Invok: Berserk           |       |     4 |     8 |     5 ||    17
       Trog's Hand       |       |       |     1 |     2 ||     3
Evoke: Wand              |       |       |       |     4 ||     4
  Use: Scroll            |       |       |     3 |     6 ||     9
       Potion            |       |       |     1 |       ||     1
 Stab: Sleeping          |       |       |     1 |       ||     1
Armor: Leather armour    |    27 |    21 |       |    93 ||   141
       Animal skin       |     1 |       |       |       ||     1
       Ring mail         |       |    41 |    88 |   136 ||   265
       Skin              |       |       |       |     3 ||     3
Dodge: Dodged            |    90 |   120 |   127 |   509 ||   846
